Map: Lerilak Crest

Players

Snute - Winner!

  • Race: Zerg Zerg

Hydra

  • Race: Zerg Zerg

Event: 2016 WCS Winter Circuit Championship

VOD

Have the link to the VOD?

Description

Time

  • Played on: March 5, 2016, 7:14 a.m.
  • Length: 14:15

All games in this series

Show
View Real Time Build Order
Export as new Build Order

Snute Zerg - Winner!

Build Orders: Hatch First, Lurkers 

Get SALT Encoding   

  12  0:00  Drone  
  13  0:12  Overlord  
  13  0:17  Drone  
  14  0:30  Drone x2  
  14  0:34  Drone  
  17  0:51  Hatchery  
  17  0:54  Drone  
  17  0:57  Drone  
  17  0:59  Extractor  
  17  1:13  Spawning Pool  
  17  1:15  Drone  
  17  1:19  Drone  
  18  1:27  Drone  
  19  1:38  Overlord  
  19  1:49  Drone  
  20  1:59  Queen  
  20  2:00  Metabolic Boost  
  20  2:01  Drone  
  23  2:03  Queen  
  23  2:07  Drone  
  26  2:11  Drone  
  27  2:17  Drone  
  27  2:21  Drone  
  29  2:24  Baneling Nest  
  29  2:25  Drone  
  29  2:32  Drone  
  30  2:42  Hatchery  
  29  2:44  Zergling x2  
  29  2:48  Overlord  
  30  2:53  Zergling x2  
  30  2:54  Zergling x2  
  32  2:59  Queen  
  32  3:04  Drone x2  
  36  3:08  Drone  
  36  3:09  Drone  
  36  3:11  Drone  
  39  3:13  Drone  
  39  3:17  Baneling x2  
  39  3:19  Drone  
  41  3:21  Drone  
  42  3:33  Roach Warren, Extractor  
  40  3:34  Baneling  
  40  3:36  Drone  
  40  3:37  Drone x3  
  43  3:51  Overlord  
  43  3:54  Drone  
  44  3:56  Drone  
  44  3:58  Drone x4  
  49  4:03  Extractor  
  49  4:04  Drone  
  49  4:05  Overlord x2  
  49  4:08  Overlord  
  48  4:19  Roach x4  
  48  4:22  Roach  
  58  4:25  Roach  
  58  4:31  Roach x3  
  66  4:36  Roach x2  
  70  4:41  Roach  
  70  4:42  Roach  
  70  4:44  Zergling x4  
  76  4:53  Roach x3  
  76  4:55  Overlord  
  76  4:58  Overlord  
  82  5:08  Spore Crawler  
  81  5:14  Lair  
  81  5:16  Drone x5  
  81  5:17  Evolution Chamber, Drone  
  81  5:19  Drone  
  87  5:22  Ravager  
  87  5:23  Ravager  
  87  5:25  Drone x2  
  87  5:27  Drone x2  
  93  5:34  Drone x4  
  92  5:39  Drone x3  
  84  5:46  Roach x3  
  84  5:48  Roach  
  84  5:49  Roach  
  92  5:52  Extractor  
  92  5:53  Zerg Missile Weapons Level 1  
  92  5:56  Roach  
  95  5:57  Extractor, Roach  
  95  6:01  Roach  
  95  6:02  Overlord  
  96  6:07  Ravager  
  96  6:10  Overlord  
  97  6:19  Glial Reconstitution  
  97  6:22  Extractor  
  97  6:24  Roach x2  
  97  6:25  Drone x4  
  104  6:26  Drone  
  104  6:29  Roach x3  
  111  6:34  Roach  
  111  6:37  Overlord x3  
  113  6:48  Hydralisk Den, Ravager  
  113  6:54  Overlord x2  
  113  6:56  Roach x7  
  113  6:58  Roach  
  113  6:59  Roach  
  131  7:03  Roach x2  
  131  7:06  Roach  
  137  7:09  Overlord  
  137  7:13  Roach  
  137  7:14  Roach  
  137  7:15  Ravager x2  
  143  7:19  Roach x2  
  143  7:21  Spine Crawler  
  148  7:22  Roach  
  148  7:23  Roach  
  148  7:26  Roach  
  152  7:33  Roach x4  
  160  7:37  Overlord x2  
  160  7:39  Ravager  
  160  7:42  Lurker Den  
  161  7:49  Overlord  
  161  7:56  Zerg Missile Weapons Level 2  
  161  7:57  Spine Crawler  
  160  8:01  Roach x2  
  160  8:02  Roach x2  
  160  8:04  Roach x2  
  158  8:23  Roach  
  158  8:24  Roach x9  
  128  8:35  Roach  
  128  8:36  Roach x5  
  138  8:41  Roach  
  134  8:50  Roach x5  
  134  8:53  Ravager x2  
  134  8:54  Ravager  
  134  8:55  Hydralisk  
  147  8:59  Hydralisk x2  
  153  9:07  Hydralisk x2  
  157  9:12  Hydralisk x2  
  157  9:13  Roach  
  163  9:25  Hatchery  
  163  9:30  Lurker  
  163  9:31  Lurker x2  
  165  9:35  Roach x3  
  165  9:37  Spore Crawler  
  170  9:42  Lurker  
  171  9:46  Roach  
  171  9:47  Roach x2  
  171  9:48  Overlord x2  
  177  10:04  Overlord x2  
  177  10:09  Roach  
  177  10:10  Roach x6  
  177  10:13  Overlord  
  191  10:16  Zerg Ground Armor Level 1  
  191  10:29  Roach x4  
  191  10:31  Lurker  
  200  10:36  Overseer  
  200  10:37  Pneumatized Carapace  
  195  11:14  Hydralisk x2  
  195  11:16  Lurker  
  159  11:33  Roach x10  
  159  11:34  Roach x12  
  159  11:36  Roach x2  
  159  11:37  Roach  
  167  11:41  Roach  
  167  11:44  Roach  
  167  11:45  Roach  
  167  11:46  Roach  
  147  11:50  Roach  
  147  11:53  Roach  
  141  11:59  Roach x2  
  141  12:01  Roach  
  136  12:05  Hydralisk  
  134  12:11  Hydralisk x2  
  134  12:12  Hydralisk  
  140  12:20  Ravager x4  
  140  12:21  Roach x3  
  150  12:25  Roach x2  
  154  12:33  Lurker, Hydralisk x3  
  161  12:43  Hydralisk x4  
  169  12:45  Roach x2  
  171  12:53  Lurker  
  171  12:56  Lurker  
  173  13:00  Lurker  
  166  13:06  Hatchery  
  166  13:08  Roach  
  166  13:09  Roach x5  
  177  13:30  Roach x8  
  177  13:34  Ravager x2  
  177  13:40  Roach x2  
  154  13:43  Roach x2  
  154  13:45  Ravager  
  154  13:46  Ravager  
  158  13:48  Roach  
  158  13:54  Roach x2  
  154  14:11  Ravager  
  154  14:12  Ravager  
Show
View Real Time Build Order
Export as new Build Order

Hydra Zerg 

Build Orders: Hatch First 

Get SALT Encoding   

  12  0:00  Drone  
  13  0:12  Overlord  
  13  0:16  Drone  
  14  0:30  Drone x2  
  14  0:33  Drone  
  17  0:50  Hatchery  
  17  0:53  Drone  
  17  0:57  Drone  
  18  1:04  Extractor  
  17  1:12  Spawning Pool  
  17  1:15  Drone  
  17  1:18  Drone  
  18  1:27  Drone  
  19  1:38  Overlord  
  19  1:58  Queen  
  19  1:59  Zergling x2  
  19  2:00  Drone  
  23  2:02  Queen  
  23  2:04  Metabolic Boost  
  23  2:05  Drone  
  26  2:10  Drone  
  26  2:13  Drone  
  28  2:21  Drone  
  29  2:25  Zergling x2  
  29  2:26  Baneling Nest  
  29  2:32  Drone  
  29  2:35  Drone  
  32  2:51  Zergling x2  
  32  2:54  Hatchery  
  32  2:55  Zergling x2  
  32  3:01  Drone  
  33  3:06  Drone  
  33  3:07  Overlord  
  34  3:15  Drone  
  34  3:17  Zergling x2  
  36  3:24  Drone  
  36  3:26  Queen  
  38  3:27  Zergling x4  
  38  3:28  Drone  
  38  3:29  Drone x2  
  42  3:36  Baneling  
  42  3:37  Baneling  
  42  3:38  Drone  
  42  3:41  Drone  
  43  3:50  Roach Warren  
  43  3:51  Extractor, Drone x2  
  43  3:52  Drone  
  44  3:57  Overlord  
  43  4:06  Drone  
  43  4:07  Drone  
  43  4:08  Drone x2  
  47  4:11  Extractor  
  47  4:13  Drone  
  47  4:19  Lair  
  47  4:20  Drone  
  47  4:22  Overlord  
  47  4:23  Drone x3  
  51  4:29  Overlord  
  51  4:30  Roach x2  
  55  4:33  Overlord  
  55  4:38  Roach  
  56  4:42  Evolution Chamber  
  56  4:43  Roach x2  
  59  4:46  Drone x2  
  59  4:49  Roach  
  59  4:51  Roach  
  65  4:54  Overlord  
  65  4:57  Roach  
  65  4:59  Roach  
  69  5:02  Roach  
  69  5:07  Roach  
  73  5:10  Roach  
  73  5:11  Roach x2  
  78  5:14  Roach  
  78  5:18  Roach x2  
  78  5:21  Roach  
  86  5:24  Roach  
  90  5:28  Roach  
  85  5:40  Roach x4  
  87  5:47  Glial Reconstitution  
  87  5:48  Zerg Missile Weapons Level 1  
  87  5:50  Overlord  
  87  5:52  Extractor  
  87  5:55  Overlord  
  87  5:56  Drone x3  
  89  5:58  Overlord  
  89  6:02  Drone  
  89  6:03  Overlord  
  90  6:04  Overseer  
  90  6:10  Drone x3  
  93  6:11  Roach  
  93  6:12  Roach  
  93  6:13  Overlord  
  97  6:22  Overlord  
  97  6:24  Roach x3  
  103  6:30  Extractor, Drone x3  
  103  6:31  Drone  
  107  6:32  Drone  
  107  6:34  Drone  
  107  6:35  Drone  
  107  6:37  Ravager  
  107  6:38  Ravager  
  107  6:39  Ravager  
  112  6:40  Drone  
  112  6:43  Drone x3  
  112  6:45  Overlord  
  116  6:49  Roach  
  116  6:50  Ravager x2  
  116  6:52  Overlord  
  120  6:56  Roach  
  120  7:00  Roach x2  
  120  7:01  Roach  
  128  7:05  Roach x2  
  132  7:11  Roach  
  132  7:12  Roach x3  
  132  7:14  Overlord  
  140  7:15  Overlord  
  140  7:17  Overlord  
  140  7:22  Roach x2  
  144  7:29  Roach x4  
  152  7:32  Overlord  
  152  7:33  Overlord  
  152  7:37  Roach x2  
  152  7:39  Overseer  
  152  7:40  Roach  
  152  7:42  Roach  
  152  7:43  Ravager x2  
  162  7:48  Roach x2  
  162  7:49  Roach  
  168  7:53  Roach x2  
  168  7:54  Roach  
  174  8:00  Roach x3  
  174  8:04  Overlord x2  
  180  8:08  Roach x2  
  137  8:29  Roach x9  
  128  8:35  Zerg Missile Weapons Level 2  
  128  8:40  Roach  
  128  8:41  Roach x5  
  129  8:48  Roach  
  129  8:49  Roach x3  
  137  8:56  Extractor, Roach  
  137  8:57  Roach x2  
  137  9:02  Ravager  
  143  9:18  Hatchery  
  143  9:19  Overlord  
  143  9:21  Roach x6  
  143  9:22  Roach x2  
  158  9:25  Ravager x2  
  160  9:38  Roach x7  
  174  9:46  Roach x2  
  174  9:47  Roach x2  
  182  9:54  Ravager x2  
  182  9:55  Ravager  
  185  10:04  Centrifical Hooks  
  185  10:08  Zergling x24  
  185  10:13  Zergling x6  
  200  10:54  Baneling, Zerg Ground Armor Level 1  
  200  10:55  Baneling x25  
  200  10:56  Baneling  
  200  10:57  Baneling  
  200  10:58  Baneling  
  200  11:01  Baneling  
  200  11:07  Overseer  
  192  11:15  Roach x4  
  200  11:23  Pneumatized Carapace  
  167  11:38  Roach x8  
  167  11:39  Roach x6  
  159  11:45  Roach x5  
  132  11:54  Roach x6  
  132  11:59  Queen  
  127  12:06  Roach x7  
  135  12:17  Roach x4  
  143  12:23  Ravager x2  
  145  12:31  Roach x5  
  145  12:32  Roach x2  
  159  12:39  Extractor  
  159  12:42  Overseer  
  158  12:46  Roach x7  
  172  12:55  Ravager x2  
  170  13:08  Ravager x2  
  170  13:10  Drone x2  
  170  13:12  Extractor, Drone x3  
  174  13:16  Roach x6  
  174  13:17  Roach x2  
  174  13:18  Overseer  
  162  13:37  Roach x8  
  162  13:38  Roach x3  
  144  13:46  Roach x3  
  143  13:49  Overseer  
  143  13:52  Ravager x2  
Tags
 
Add a new tag
Caveats
  • Supply blocks, unpowered buildings, or Contaminate may cause inaccurate times.
  • Supply counts are checked every 10 seconds.